 Dungeon Sprint DCSS version 0.30-a0-34-gbe8da3892a (webtiles) character file.

Game seed: 16828920015256915378

61 mhtbhm the Firebug (level 3, -6/19 HPs)
             Began as a Deep Elf Fire Elementalist on Aug 27, 2022.
             Mangled by a water elemental (18 damage)
             ... in the Dungeon (Sprint III: "The Ten Rune Challenge").
             The game lasted 00:01:00 (477 turns).

mhtbhm the Firebug (Deep Elf Fire Elementalist)      Turns: 477, Time: 00:01:01

Health: -6/19      AC:  2    Str:  5    XL:     3   Next: 83%
Magic:  10/12      EV: 13    Int: 21    God:
Gold:   34         SH:  0    Dex: 15    Spells: 4/13 levels left

rFire   . . .      SeeInvis .    (no weapon)
rCold   . . .      Faith    .    (no shield)
rNeg    . . .      Spirit   .    a - +0 robe
rPois   .          Reflect  .    (no helmet)
rElec   .          Harm     .    (no cloak)
rCorr   .          Rampage  .    (no gloves)
Will    .....      NoTele   +    (no boots)
Stlth   ++........               (no amulet)
HPRegen 0.06/turn                (no ring)
MPRegen 0.13/turn                (no ring)

@: engulfed (cannot breathe)
A: no striking features
a: no special abilities


You were in the Dungeon.
You visited 1 branch You collected 34 gold pieces.

Inventory:

Armour
 a - a +0 robe (worn)
Wands
 h - a wand of polymorph (8)
Scrolls
 g - a scroll of blinking
 i - a scroll of torment {unknown}
 j - 2 scrolls of identify {unknown}
 l - a scroll of immolation {unknown}
Potions
 b - 3 potions of magic
 c - 3 potions of curing
 d - a potion of heal wounds
 e - a potion of haste
 f - a potion of berserk rage
 k - a potion of cancellation {unknown}
 m - 6 potions of mutation


   Skills:
 + Level 3.7 Dodging
 + Level 3.5 Stealth
 + Level 5.6 Spellcasting
 + Level 1.9 Conjurations
 + Level 6.9 Fire Magic


You had 4 spell levels left.
You knew the following spells:

 Your Spells              Type           Power      Damage    Failure   Level
a - Foxfire               Conj/Fire      96%        2x1d8     1%          1
b - Scorch                Fire           68%        2d8       1%          2
c - Conjure Flame         Conj/Fire      24%        6-21      4%          3
d - Inner Flame           Hex/Fire       20%        N/A       8%          3

Your spell library contained the following spells:

 Spells                   Type           Power      Damage    Failure   Level
 Flame Wave               Conj/Fire      24%        2d8       16%         4


Dungeon Overview and Level Annotations

Branches:
Dungeon (1/1)

Altars:


Message History

a potion of mutation; 2 potions of mutation
l - a scroll labelled RINGIPR XONNAJ
j - 2 scrolls labelled INUXUO FETUA (gained 1)
c - 3 potions of curing (gained 1)
Things that are here:
a potion of mutation; 2 potions of mutation You now have 34 gold pieces (gained 12).
Things that are here:
a potion of mutation; 2 potions of mutation
m - a potion of mutation
m - 2 potions of mutation (gained 1);
m - 4 potions of mutation (gained 2)
m - 6 potions of mutation (gained 2)
There is an open door here.
You enter the shallow water.
Moving in this stuff is going to be slow.
Okay, then.
You open the door.
A water elemental comes into view.
Casting: Scorch (safe; 1% risk of failure)
Confirm with . or Enter, or press ? or * to list all spells.
Okay, then.
You start waiting.
A water elemental is nearby!
Casting: Scorch (safe; 1% risk of failure)
Confirm with . or Enter, or press ? or * to list all spells.
Flames lash the water elemental.
The water elemental is burned terribly!
The water elemental is moderately damaged.
The water elemental's fire resistance burns away.
Unknown command.
You start resting.
A water elemental is nearby!
You barely miss the water elemental.
The water elemental is moderately damaged.
The water elemental hits you!
The water elemental engulfs you in water!
You slip free of the water engulfing you.
The water elemental attacks as you move away!
The water elemental hits you!!
Ouch! That really hurt!
You die...

▓▓▓▓▓▓▓▓▓▓▓▓▓ ▓▓▓
▓<.#..'.....♣ ♣.#
▓..#..#....♣♣ ♣.#
▓#'####.....♣ ♣.#
▓.....#....~♣ ♣♣♣.###+#+#
▓.....#...~~♣♣.♣..#......
▓....[#..~~~~.♣♣E.'.⌠....
▓####'#..~≈≈~~~@♣.#
▓...).#.~~≈~~~....#
▓...†.#.~≈~~~.....#
▓.....#.~~~.......#
▓'#####...........#
▓...........÷.....#
▓▓▓▓▓▓▓▓▓▓▓▓▓▓▓▓▓▓▓


You could see a water elemental (combustible).

Vanquished Creatures
  Jessica (D)
  A human (D)
  A wolf (D)
  An endoplasm (D)
  2 rats (D)
6 creatures vanquished.

Vanquished Creatures (others)
  14 foxfires (D)
14 creatures vanquished.

Grand Total: 20 creatures vanquished

Notes
Turn   | Place    | Note
-------+----------+-------------------------------------------
     0 | D        | mhtbhm the Deep Elf Fire Elementalist began the quest for
                  | the Orb.
     0 | D        | Reached XP level 1. HP: 10/10 MP: 6/6
    47 | D        | Reached skill level 4 in Fire Magic
    83 | D        | Noticed Jessica
    87 | D        | Killed Jessica
    88 | D        | Reached skill level 5 in Fire Magic
    88 | D        | Reached XP level 2. HP: 15/15 MP: 1/9
    88 | D        | Reached XP level 3. HP: 19/19 MP: 1/11
    91 | D        | Learned a level 2 spell: Scorch
    95 | D        | Learned a level 3 spell: Conjure Flame
    99 | D        | Learned a level 3 spell: Inner Flame
   188 | D        | Reached skill level 5 in Spellcasting
   188 | D        | Reached skill level 6 in Fire Magic
   470 | D        | Noticed a water elemental
   477 | D        | Mangled by a water elemental

Illustrated notes

Levels and vault maps discovered:
D:        dungeon_sprint_mu [sprint_mu_entry_forest, sprint_mu_temple_rooms,
          sprint_mu_d1_spiders, sprint_mu_d2_genie, sprint_mu_d3_branching,
          sprint_mu_orc_legion, sprint_mu_elf_gauntlet, sprint_mu_hive_nellie,
          sprint_mu_lair_fedhas, sprint_mu_vaults_butterflies,
          sprint_mu_slime_circle, sprint_mu_swamp_cave, sprint_mu_shoals_archi,
          sprint_mu_blade_basic, sprint_mu_crypt_fortress,
          sprint_mu_tomb_spiral, sprint_mu_vestibule_basic,
          sprint_mu_gehenna_hellfire, sprint_mu_dis_giant,
          sprint_mu_tartarus_statrot, sprint_mu_cocytus_islands, sprint_mu_zot1]

Skill      XL: |  1  2  3 |
---------------+----------+-----
Fire Magic     | 5 6 |  6.9
Dodging        | 3 |  3.7
Stealth        | 3 |  3.5
Spellcasting   | 4 5 |  5.6
Conjurations   | |  1.9

Action                   || total
-------------------------++-------
Melee: Unarmed           ||     1
 Cast: Foxfire           ||    11
       Scorch            ||     7
Dodge: Dodged            ||     1

Table legend: (Time is in decaauts)
 A = Elapsed time spent in this place.
 B = Non-inter-level travel time spent in this place.
 C = Inter-level travel time spent in this place.
 D = Time resting spent in this place.
 E = Time spent auto-exploring this place.
 F = Levels seen in this place.
 G = Mean time per level.
                   A        B        C        D        E       F      G
               +--------+--------+--------+--------+--------+-----+--------+
         Total |    479 |    479 |      0 |    358 |      1 |   1 |  479.0 |
       Dungeon |    479 |    479 |      0 |    358 |      1 |   1 |  479.0 |
               +--------+--------+--------+--------+--------+-----+--------+

Top non-repeatable levels by time:
       D: 479 daAuts
